 Dungeon Sprint DCSS version 0.31-a0-38-g1548c4f2a5 (webtiles) character file.

Game seed: 10994041329712281540

445 sircluck the Grappler (level 6, -2/71 HPs)
             Began as a Troll Berserker on May 16, 2023.
             Was a Believer of Trog.
             Slain by Sonja
             ... wielding a +2 dagger of distortion
              (3 damage)
             ... in the Dungeon (Sprint I: "Red Sonja").
             The game lasted 00:01:32 (212 turns).

sircluck the Grappler (Troll Berserker)              Turns: 212, Time: 00:01:34

Health: -2/71      AC:  4    Str: 31    XL:     6   Next: 72%
Magic:  5/5        EV: 11    Int:  3    God:    Trog [**....]
Gold:   182        SH:  0    Dex:  9    Spells: 5/5 levels left

rFire   . .          .
                       - Unarmed
rCold   . . .        (no shield)
rNeg    . . .        a - +0 animal skin
rPois   .            (helmet restricted)
rElec   .            (no cloak)
rCorr   .            (gloves unavailable)
SInv    .            (boots unavailable)
Will    .....        (no amulet)
Stlth   +            l - ring "Iviuceu" {Wiz Str+3}
HPRegen 1.11/turn    (no ring)
MPRegen 0.09/turn

%: no teleportation, wizardry (x1)
@: lethally poisoned (-2 -> -13), on berserk cooldown, slowed, very slow
A: large, unfitting armour, claws 3, regeneration 1, shaggy fur 1, tough skin 1
a: Renounce Religion, Berserk, Trog's Hand


You were in the Dungeon.
You worshipped Trog.
Trog was pleased with you.
You visited 1 branch You collected 297 gold pieces.
You spent 115 gold pieces at shops.

Inventory:

Missiles
 k - 6 stones (quivered)
Armour
 a - a +0 animal skin (worn)
Jewellery
 l - the ring "Iviuceu" (left claw) {Wiz Str+3}
   (You bought it in a shop in the Dungeon)

   [ring of wizardry]

   It improves your spell success rate.
   Str:       It affects your strength (+3).
Wands
 h - a wand of iceblast (6)
 j - a wand of flame (5)
Scrolls
 g - a scroll of blinking
Potions
 b - a potion of curing
 c - a potion of heal wounds
 d - a potion of haste
 e - 2 potions of magic
 f - a potion of berserk rage
 i - 2 potions of lignification {unknown}


   Skills:
 + Level 7.3 Fighting
 + Level 7.0 Dodging
 + Level 9.5 Unarmed Combat


You had 5 spell levels left.
You didn't know any spells.
Your spell library was empty.

Dungeon Overview and Level Annotations

Branches:
Dungeon (1/1)

Altars:
Cheibriados
Dithmenos
Elyvilon
Fedhas
Gozag
Hepliaklqana
Kikubaaqudgha
Nemelex Xobeh
Okawaru
Qazlal
Ru
Sif Muna
Trog
Uskayaw
Vehumet
Wu Jian
Yredelemnul
Zin
The Shining One

Shops:
D *

Annotations:
D Sonja


Innate Abilities, Weirdness & Mutations

You are too large for most types of armour.
You have claws for hands.
Your natural rate of healing is unusually fast.
You are covered in fur. (AC +1)
You have tough skin. (AC +1)


Message History

You have difficulty breathing.
You feel yourself slow down.
You feel a strong urge to attack something.
You feel very sick.
Sonja twirls her cape.
Sonja mumbles some strange words.
Sonja blinks!
You feel very sick.
Sonja casts a spell.
Sonja blinks!
You feel your anger nearly subside.
You feel sick.
There is an open door, spattered with blood here.
You see here a yak corpse.
You are no longer berserk.
You are exhausted.
You feel as though you will be slow longer.
You feel sick.
Sonja throws a curare-tipped dart.
The curare-tipped dart hits you.
You are more poisoned.
You have difficulty breathing.
You feel as though you will be slow longer.
Sonja throws a curare-tipped dart.
The curare-tipped dart hits you.
You are more poisoned.
You have difficulty breathing.
You feel as though you will be slow longer.
You feel extremely sick.
Sonja drinks a potion.
Sonja seems to speed up.
You miss Sonja.
You feel very sick. Sonja hits you but does no damage. Space warps around you.
Sonja hits you with a +2 dagger of distortion.
Space warps around you.
Sonja hits you with a +2 dagger of distortion.
Space warps horribly around you!!
* * * LOW HITPOINT WARNING * * *
Sonja hits you but does no damage.
Sonja hits you with a +2 dagger of distortion.
* * * LOW HITPOINT WARNING * * *
Space warps around you.
You die...

################
#<.#..)..#..'..#
#..').#..').#..+
#..#####'#####'#
#..####..#...#[#
#..#__####..##.#
#..#_____##'#_.+
#⌠⌠#_.∩K@.†..._#
####_..__##_.#'#
#_____###'#:#
####### #.###
$.$ $.$# ##.##
#+#


You could see Sonja (fast).

Vanquished Creatures
  Sigmund (D)
  A yak (D)
  An ogre (D)
  A jelly (D)
  Ijyb (D)
5 creatures vanquished.

Notes
Turn   | Place    | Note
-------+----------+-------------------------------------------
     0 | D        | sircluck the Troll Berserker began the quest for the Orb.
     0 | D        | Reached XP level 1. HP: 22/22 MP: 0/0
     1 | D        | Noticed Ijyb
    18 | D        | Killed Ijyb
    19 | D        | Reached skill level 4 in Unarmed Combat
    19 | D        | Reached XP level 2. HP: 28/32 MP: 1/1
    23 | D        | Noticed an ogre
    27 | D        | Killed an ogre
    28 | D        | Reached skill level 5 in Fighting
    28 | D        | Reached skill level 6 in Unarmed Combat
    28 | D        | Reached XP level 3. HP: 42/42 MP: 2/2
    28 | D        | Reached XP level 4. HP: 50/50 MP: 3/3
    81 | D        | Noticed Sigmund
    96 | D        | Killed Sigmund
    96 | D        | Reached ** piety under Trog
    97 | D        | Reached skill level 8 in Unarmed Combat
    97 | D        | Reached XP level 5. HP: 42/61 MP: 4/4
    97 | D        | Reached XP level 6. HP: 46/68 MP: 5/5
   112 | D        | Found an ornate altar of the Wu Jian Council.
   112 | D        | Found a shimmering blue altar of Sif Muna.
   116 | D        | Found a radiant altar of Vehumet.
   153 | D        | Found Tupatz's Assorted Antiques.
   153 | D        | Found an ancient bone altar of Kikubaaqudgha.
   153 | D        | Found a hazy altar of Hepliaklqana.
   153 | D        | Found a stormy altar of Qazlal.
   153 | D        | Found a hide-covered altar of Uskayaw.
   153 | D        | Found a blossoming altar of Fedhas.
   153 | D        | Found a bloodstained altar of Trog.
   153 | D        | Found an iron altar of Okawaru.
   153 | D        | Found a basalt altar of Yredelemnul.
   153 | D        | Found a glowing golden altar of the Shining One.
   153 | D        | Found a snail-covered altar of Cheibriados.
   153 | D        | Found a sacrificial altar of Ru.
   153 | D        | Found a glowing silver altar of Zin.
   153 | D        | Found a shadowy altar of Dithmenos.
   153 | D        | Found a white marble altar of Elyvilon.
   153 | D        | Noticed a yak
   162 | D        | Killed a yak
   163 | D        | Reached skill level 9 in Unarmed Combat
   163 | D        | Found an opulent altar of Gozag.
   164 | D        | Found a sparkling altar of Nemelex Xobeh.
   198 | D        | Bought a faintly glowing ivory ring for 115 gold pieces
   198 | D        | Identified the ring "Iviuceu" {Wiz Str+3} (You bought it in
                  | a shop in the Dungeon)
   205 | D        | Noticed Sonja
   212 | D        | HP: 1/71 [Sonja/+2 dagger of distortion (4)]
   212 | D        | Slain by Sonja

Illustrated notes

Levels and vault maps discovered:
D:        dungeon_sprint_1 [red_sonja_temple_1, red_sonja_temple_small_1]

Skill      XL: |  1  2  3  4  5  6 |
---------------+-------------------+-----
Fighting       | 3 5 6 7 |  7.3
Dodging        | 3 4 6 7 |  7.0
Unarmed Combat | 4 6 8 9 |  9.5

Action                     |  1- 3 |  4- 6 || total
---------------------------+-------+-------++-------
  Melee: Unarmed           |    13 |    26 ||    39
         Punch             |       |     1 ||     1
 Invoke: Berserk           |     1 |     1 ||     2
 Armour: Animal skin       |     2 |     5 ||     7
  Dodge: Dodged            |     4 |     7 ||    11

Table legend: (Time is in decaauts)
 A = Elapsed time spent in this place.
 B = Non-inter-level travel time spent in this place.
 C = Inter-level travel time spent in this place.
 D = Time resting spent in this place.
 E = Time spent auto-exploring this place.
 F = Levels seen in this place.
 G = Mean time per level.
                   A        B        C        D        E       F      G
               +--------+--------+--------+--------+--------+-----+--------+
         Total |    218 |    218 |      0 |     55 |     46 |   1 |  218.0 |
       Dungeon |    218 |    218 |      0 |     55 |     46 |   1 |  218.0 |
               +--------+--------+--------+--------+--------+-----+--------+

Top non-repeatable levels by time:
       D: 218 daAuts
